 Dungeon Crawl Stone Soup version 0.19-a0-1007-g133f65f (webtiles) character file.

98 Musica the Magician (level 4, -4/39 HPs)
             Began as a Troll Wizard on July 20, 2016.
             Slain by a gnoll (7 damage)
             ... on level 3 of the Dungeon.
             The game lasted 00:07:38 (1828 turns).

Musica the Magician (Troll Wizard)                  Turns: 1828, Time: 00:07:39

Health: -4/39      AC:  8    Str: 15    XL:     4   Next: 43%
Magic:  7/7        EV:  9    Int: 15    God:
Gold:   33         SH:  0    Dex:  8    Spells: 1 memorised, 8 levels left

rFire  . . .     SeeInvis .     (no weapon)
rCold  . . .     Gourm    +     q - +2 robe {MR+}
rNeg   . . .     Faith    .     (no shield)
rPois  .         Spirit   .     b - +0 hat
rElec  .         Dismiss  .     l - +0 cloak
rCorr  .         Reflect  .     (gloves unavailable)
SustAt .         Harm     .     (boots unavailable)
MR     +....                    (no amulet)
Stlth  +.........               (no ring)
                                (no ring)

@: somewhat resistant to hostile enchantments, very unstealthy
A: unfitting armour, claws 3, fast metabolism 3, gourmand, regeneration 2,
shaggy fur 1, tough skin 2
a: no special abilities


You were on level 3 of the Dungeon.
You were full.

You visited 1 branch of the dungeon, and saw 3 of its levels.

You collected 33 gold pieces.

Inventory:

Missiles
 m - 7 poisoned needles
Armour
 b - a +0 hat (worn)
 l - a +0 cloak (worn)
 q - a +2 robe of magic resistance (worn)
Jewellery
 h - an uncursed ring of protection from fire
 t - an uncursed ring of protection from fire
Scrolls
 e - 3 scrolls of identify
 j - 2 scrolls of teleportation
 p - a scroll of fear {unknown}
 u - a scroll of amnesia
Potions
 a - a potion of heal wounds {unknown}
 i - a potion of curing
 k - a potion of lignification {unknown}
 n - a potion of haste {unknown}
 o - a potion of brilliance {unknown}
Books
 c - a book of Minor Magic

   Spells                             Type                      Level
   a - Magic Dart                     Conjuration                  1
   b - Blink                          Translocation                2
   c - Call Imp                       Summoning                    2
   d - Repel Missiles                 Charms/Air                   2
   e - Slow                           Hexes                        2
   f - Conjure Flame                  Conjuration/Fire             3
   g - Mephitic Cloud                 Conjuration/Poison/Air       3
Comestibles
 d - 5 bread rations
 f - a slice of pizza
 g - 3 meat rations


   Skills:
 - Level 1.5 Dodging
 - Level 1.1 Stealth
 + Level 3.2 Spellcasting
 + Level 1.1 Conjurations
   Level 0.6 Summonings
   Level 0.6 Translocations


You had 8 spell levels left.
You knew the following spells:

 Your Spells              Type           Power        Failure   Level  Hunger
a - Magic Dart            Conj           #...         14%         1    #......


Dungeon Overview and Level Annotations

Branches:
Dungeon (3/15)

Altars:


Innate Abilities, Weirdness & Mutations

You are too large for most types of armour.
You have claws for hands.
Your metabolism is lightning-fast.
You like to eat raw meat.
You heal very quickly.
You are covered in fur. (AC +1)
You have very tough skin. (AC +2)


Message History

The ooze barely misses you.
You scratch the gnoll.
The gnoll is almost dead.
The gnoll hits you with a spear.
* * * LOW HITPOINT WARNING * * *
The gnoll barely misses you. The gnoll hits you.
* * * LOW HITPOINT WARNING * * *
The ooze closely misses you.
It was a potion of curing.
You feel better. The gnoll hits you with a spear.
* * * LOW HITPOINT WARNING * * *
The gnoll hits you but does no damage. The gnoll barely misses you.
The ooze closely misses you.
You barely miss the gnoll.
The gnoll is almost dead.
The gnoll hits you with a spear.
* * * LOW HITPOINT WARNING * * *
The gnoll hits you.
* * * LOW HITPOINT WARNING * * *
The gnoll hits you!
You die...

#.......#'###[
.............
............
#...........
#...........
#...........
#...gJ......
#...@g......
#....g......
+...........
########...........
#.......<..........
##.###...#+#######.
#.....# #...#.#
#.#.#.#


You could see 3 gnolls and an ooze.

Vanquished Creatures
  4 adders (D:2)
  An ooze (D:1)
  2 worms (D:2)
  A dart slug (D:1)
  2 giant geckos
  A giant cockroach (D:2)
  7 goblins
  5 hobgoblins
  5 jackals
  5 bats
  2 giant newts
  6 kobolds
  8 rats
49 creatures vanquished.

Notes
Turn   | Place    | Note
-------+----------+-------------------------------------------
     0 | D:1      | Musica the Troll Wizard began the quest for the Orb.
     0 | D:1      | Reached XP level 1. HP: 16/16 MP: 2/2
    83 | D:1      | Reached XP level 2. HP: 24/24 MP: 0/4
   546 | D:1      | Reached XP level 3. HP: 30/31 MP: 6/6
   906 | D:2      | Reached skill level 3 in Spellcasting
  1032 | D:2      | Reached XP level 4. HP: 22/39 MP: 1/7
  1047 | D:2      | Reached skill level 1 in Conjurations
  1828 | D:3      | Slain by a gnoll

Vault maps used:
D:1:      dpeg_arrival_connections
D:2:      first_bread, corexii_item_surrounded_by_moat
D:3:      minmay_door_path, uniq_sigmund

Skill      XL: |  1  2  3  4 |
---------------+-------------+-----
Spellcasting   | 3 |  3.2
Conjurations   | 1 |  1.1
Dodging        | |  1.5
Stealth        | |  1.1
Summonings     | |  0.6
Translocations | |  0.6

Action                   |  1- 3 |  4- 6 || total
-------------------------+-------+-------++-------
Melee: Unarmed           |    84 |    72 ||   156
 Cast: Magic Dart        |    27 |     1 ||    28
  Use: Scroll            |       |     5 ||     5
       Potion            |       |     1 ||     1
 Stab: Sleeping          |     1 |       ||     1
  Eat: Chunk             |    14 |     6 ||    20
Armor: Robe              |    38 |    49 ||    87
Dodge: Dodged            |    36 |    52 ||    88
